AoeStats
← AiM | CyclopsTron

African Clearing

506778752Analyzed
4v4 RM · 16d ago on Sep 15, 2026· 39m 24s· 8 players
Game mode
Random Map
Map size
Large (8 player)
Population
200
Speed
Normal
Resources
Standard
Victory
Conquest
Starting age
Dark Age
Ending age
Imperial Age
RankedLock teamsTeams togetherTeam positionsShared explorationLock speedFull tech treeHidden civsTurbo modeCheats
Victory
Defeat
🇺🇸 Koreans · United States
1860
+8
🇨🇴 Poles · Colombia
1674
+15
🇺🇸 Saracens · United States
1666
+15
🇺🇸 Chinese · United States
1549
+20
🇲🇽 Mapuche · Mexico
1769
-19
🇲🇽 Mongols · Mexico
1636
-14
🇲🇽 Chinese · Mexico
1612
-13
🇲🇽 Magyars · Mexico
1594
-12
LeBotut
15:57 Feudal Age
16:44 Double-Bit Axe
16:44 Horse Collar
19:39 Castle Age
17:27 Loom
24:24 Bow Saw
32:38 Wheelbarrow
35:28 Imperial Age
33:00 Fletching
33:11 Padded Archer Armor
34:18 Bodkin Arrow
35:02 Hand Cart
35:09 Ballistics
35:36 Hand Cart
36:26 Bracer
38:37 Chemistry
37:48 Husbandry
37:58 Bloodlines
Argo_
7:59 Loom
13:31 Feudal Age
17:24 Castle Age
15:39 Double-Bit Axe
16:23 Fletching
18:01 Bodkin Arrow
24:49 Ballistics
33:01 Horse Collar
33:12 Gold Mining
39:44 Imperial Age
37:39 Scale Barding Armor
37:49 Bloodlines
37:59 Heavy Plow
38:43 Wheelbarrow
38:42 Bow Saw
39:09 Chain Barding Armor
AiM | CyclopsTron
4:00 Loom
12:14 Feudal Age
16:53 Castle Age
15:33 Double-Bit Axe
16:56 Fletching
18:12 Bodkin Arrow
23:41 Horse Collar
27:37 Padded Archer Armor
30:43 Wheelbarrow
31:59 Bow Saw
32:05 Town Watch
33:58 Ballistics
36:27 Malon
36:55 Hand Cart
37:20 Leather Archer Armor
41:25 Imperial Age
38:50 Elite Skirmisher
Ux'Nova
2:47 Loom
14:36 Feudal Age
15:13 Double-Bit Axe
18:15 Castle Age
16:22 Horse Collar
19:08 Bow Saw
20:26 Wheelbarrow
21:51 Fishing Lines
23:32 Heavy Plow
24:34 Gillnets
29:22 Imperial Age
27:00 Fletching
27:53 Gold Mining
29:29 Bodkin Arrow
32:16 Conscription
33:45 Bracer
34:57 Chemistry
35:01 Ballistics
36:52 Murder Holes
37:47 Hand Cart
37:51 Masonry
38:32 Padded Archer Armor
嗚
14:36 Feudal Age
15:15 Double-Bit Axe
18:16 Castle Age
16:21 Double-Bit Axe
17:17 Fishing Lines
18:17 Stone Mining
18:15 Horse Collar
19:11 Bow Saw
20:44 Gold Mining
22:15 Loom
23:14 Wheelbarrow
22:47 Fletching
23:07 Gillnets
23:55 Bodkin Arrow
25:43 Ballistics
31:05 Gold Shaft Mining
35:15 Imperial Age
33:24 Thumb Ring
34:16 Husbandry
36:04 Bracer
35:27 Elite War Wagon
37:14 Chemistry
36:54 Conscription
37:42 Two-Man Saw
38:58 Eupseong
倉木華
2:53 Loom
12:48 Feudal Age
14:10 Double-Bit Axe
16:46 Castle Age
15:52 Horse Collar
16:33 Fletching
23:35 Ballistics
23:35 Bodkin Arrow
30:43 Wheelbarrow
29:55 Town Watch
31:00 Heavy Plow
31:55 Bow Saw
32:54 Hand Cart
37:37 Imperial Age
35:57 Padded Archer Armor
36:08 Masonry
35:50 Gold Mining
35:51 Stone Mining
38:52 Conscription
38:40 Elite Chu Ko Nu
39:48 Bracer
KaLong
3:08 Loom
13:11 Feudal Age
13:26 Feudal Age
17:41 Castle Age
15:42 Double-Bit Axe
17:38 Horse Collar
22:34 Bow Saw
23:59 Wheelbarrow
24:10 Gold Mining
25:02 Fletching
25:29 Hand Cart
27:55 Fletching
32:21 Imperial Age
30:52 Gold Shaft Mining
31:02 Scale Barding Armor
31:08 Forging
32:14 Chain Barding Armor
32:54 Bloodlines
32:44 Husbandry
35:52 Plate Barding Armor
36:34 Iron Casting
37:17 Heavy Camel Rider
40:19 Iron Casting
The .Gocho
10:46 Loom
13:23 Feudal Age
18:16 Castle Age
16:31 Double-Bit Axe
20:34 Husbandry
26:41 Wheelbarrow
27:18 Gold Mining
27:56 Bow Saw
27:54 Horse Collar
31:57 Imperial Age
29:57 Bloodlines
30:25 Szlachta Privileges
30:48 Scale Barding Armor
30:19 Light Cavalry
33:14 Forging
32:37 Cavalier
33:56 Chain Barding Armor
35:24 Hand Cart
34:55 Town Watch
36:14 Iron Casting
35:30 Fletching
36:27 Stone Mining
Connection lost

Rejoining the realm…

Still unreachable

The connection could not be restored.

Session expired

The server has moved on; the page needs a fresh start.